 Dungeon Crawl Stone Soup version 0.29.1-2-gbd0b4ee654 (webtiles) character file.

Game seed: 13562054143127550136

184 Zeld the Conjurer (level 5, 0/35 HPs)
             Began as a Demonspawn Conjurer on Nov 1, 2022.
             Slain by Grinder (2 damage)
             ... on level 3 of the Dungeon.
             The game lasted 00:04:50 (3375 turns).

Zeld the Conjurer (Demonspawn Conjurer)             Turns: 3375, Time: 00:04:51

Health: 0/35       AC:  2    Str:  8    XL:     5   Next: 36%
Magic:  4/10       EV: 12    Int: 21    God:
Gold:   183        SH:  0    Dex: 11    Spells: 8/11 levels left

rFire   . . .      SeeInvis .   (no weapon)
rCold   . . .      Faith    .   (no shield)
rNeg    . . .      Spirit   .   a - +0 robe
rPois   .          Reflect  .   (helmet restricted)
rElec   .          Harm     .   (no cloak)
rCorr   .          Rampage  .   (no gloves)
Will    .....                   (no boots)
Stlth   ++........              (no amulet)
HPRegen 0.11/turn               (no ring)
MPRegen 0.12/turn               (no ring)

@: no status effects
A: antennae 2, claws 1, weakness stinger 1
a: no special abilities


You were on level 3 of the Dungeon.
You visited 1 branch of the dungeon, and saw 3 of its levels.

You collected 183 gold pieces.

Inventory:

Armour
 a - a +0 robe (worn)
Scrolls
 c - a scroll of enchant weapon {unknown}
 d - a scroll of identify {unknown}
 e - a scroll of poison {unknown}
 f - a scroll of immolation {unknown}
 i - 2 scrolls of teleportation {unknown}
 j - a scroll of noise {unknown}
 k - a scroll of butterflies {unknown}
 l - a scroll of fear {unknown}
Potions
 b - 2 potions of magic
 g - a potion of might {unknown}
 h - a potion of flight {unknown}
 m - a potion of mutation {unknown}
 n - 2 potions of haste {unknown}
 o - a potion of ambrosia {unknown}
 p - a potion of heal wounds {unknown}


   Skills:
 + Level 2.7 Dodging
 + Level 2.9 Stealth
 * Level 3.6 Spellcasting
 + Level 4.6 Conjurations


You had 8 spell levels left.
You knew the following spells:

 Your Spells              Type           Power      Damage    Failure   Level
a - Magic Dart            Conj           92%        1d7       1%          1
b - Searing Ray           Conj           46%        2d6       2%          2

Your spell library contained the following spells:

 Spells                   Type           Power      Damage    Failure   Level
 Sandblast                Erth           6%         2d5       13%         1
 Summon Small Mammal      Summ           12%        N/A       13%         1
 Dazzling Flash           Conj/Hex       26%        N/A       14%         3
 Stone Arrow              Conj/Erth      26%        3d8       14%         3
 Ensorcelled Hibernation  Hex/Ice        6%         N/A       19%         2
 Passwall                 Tmut/Erth      2%         N/A       19%         2
 Call Canine Familiar     Summ           3%         N/A       36%         3
 Summon Guardian Golem    Hex/Summ       3%         N/A       36%         3
 Swiftness                Air            3%         N/A       36%         3
 Fulminant Prism          Conj/Hex       6%         3d7       43%         4
 Iskenderun's Mystic Bla  Conj/Tloc      13%        2d5       43%         4
 Corpse Rot               Necr/Pois/Air  3%         N/A       77%         4
 Dispel Undead            Necr           3%         3d7       77%         4
 Death Channel            Necr           1%         N/A       100%        6


Dungeon Overview and Level Annotations

Branches:
Dungeon (3/15)

Altars:

Annotations:
D:3 Grinder


Innate Abilities, Weirdness & Mutations

You have a pair of antennae on your head.
You have sharp fingernails.
You have a small tail.


Message History

You can't see any susceptible monsters within range! (Use Z to cast anyway.)
o - an inky potion Search for what [Enter for "armor", or ? for help]?
p - a fuming silvery potion Grinder is nearby!
Grinder is nearby!
Casting: Magic Dart (safe; 1% risk of failure)
Confirm with . or Enter, or press ? or * to list all spells.
Aiming: Searing Ray (safe; 2% risk of failure)
Press: ? - help, Shift-Dir - straight line, f - Grinder
Aim: Grinder (75% to hit)
The searing ray hits Grinder!
Grinder is moderately wounded. (Press . to maintain the ray.) Grinder gestures at you.
You suddenly lose the ability to move!
Grinder says, "My boss said I was rubbish.
His entrails said otherwise."
Grinder gestures at you. Pain shoots through your body!
You can move again.
Unknown command.
Unknown command.
Casting: Searing Ray (safe; 2% risk of failure)
Confirm with . or Enter, or press ? or * to list all spells.
Aiming: Searing Ray (safe; 2% risk of failure)
Press: ? - help, Shift-Dir - straight line, f/p - Grinder
Aim: Grinder (moderately wounded, 75% to hit)
The searing ray hits Grinder!
Grinder is heavily wounded. (Press . to maintain the ray.) Unknown command.
The searing ray hits Grinder.
Grinder is heavily wounded.
Grinder hits you.
You writhe in agony.
The searing ray hits Grinder.
Grinder is heavily wounded.
Grinder hits you!
* * * LOW HITPOINT WARNING * * *
You writhe in agony.
You die...

#5.^)..# #######....###
..#....# ###....#####.#
.##....# #..........# .......#
#####.###....# ###....#
#####.######## ###....########
##.....#.....#
..............###.............
#############.................
####@.............
#.5......(.....
#..............
#........).....
#....<.........
##...[......... ##.....#.....#
#############


You could see Grinder.

Vanquished Creatures
  An ogre (D:3)
  4 adders
  2 dart slugs
  3 orcs (D:3)
  4 ball pythons
  7 bats
  4 endoplasms
  A giant cockroach (D:3)
  11 goblins
  4 hobgoblins
  3 kobolds
  2 quokkas
  3 frilled lizards
  3 rats
52 creatures vanquished.

Vanquished Creatures (others)
  5 fungi (D:1)
  7 plants (D:1)
12 creatures vanquished.

Grand Total: 64 creatures vanquished

Notes
Turn   | Place    | Note
-------+----------+-------------------------------------------
     0 | D:1      | Zeld the Demonspawn Conjurer began the quest for the Orb.
     0 | D:1      | Reached XP level 1. HP: 13/13 MP: 3/3
   538 | D:1      | Discovered your monstrous ancestry.
   538 | D:1      | Gained mutation: You have a small tail. [demonic ancestry]
   538 | D:1      | Reached XP level 2. HP: 19/19 MP: 3/5
   542 | D:1      | Learned a level 2 spell: Searing Ray
  1032 | D:1      | Found a faded altar of an unknown god.
  1665 | D:2      | Gained mutation: You have a pair of small antennae on your
                  | head. [demonic ancestry]
  1665 | D:2      | Reached XP level 3. HP: 24/24 MP: 1/6
  2777 | D:3      | Gained mutation: You have sharp fingernails. [demonic
                  | ancestry]
  2777 | D:3      | Reached XP level 4. HP: 30/30 MP: 4/8
  2926 | D:3      | Noticed an ogre
  2933 | D:3      | Killed an ogre
  2934 | D:3      | Gained mutation: You have a pair of antennae on your head.
                  | [demonic ancestry]
  2934 | D:3      | Reached XP level 5. HP: 35/35 MP: 3/10
  3027 | D:3      | Noticed Grinder
  3370 | D:3      | Paralysed by Grinder for 3 turns
  3375 | D:3      | Slain by Grinder

Illustrated notes

Levels and vault maps discovered:
D:1:      minmay_arrival_doors, layout_basic, dreamdust_ecumenical_altar_grove,
          st_stairs_6, minmay_misc_feat_iff
D:2:      layout_basic, kennysheep_generic_room_13
D:3:      layout_rooms, serial_shops, nicolae_shop_trees,
          minmay_large_rounded_square, uniq_sigmund, uniq_grinder

Skill      XL: |  1  2  3 |
---------------+----------+-----
Stealth        | 2 |  2.9
Dodging        | 2 |  2.7
Spellcasting   | 3 |  3.6
Conjurations   | |  4.6

Action                   |  1- 3 |  4- 6 || total
-------------------------+-------+-------++-------
Melee: Unarmed           |    18 |     8 ||    26
       Punch             |     1 |       ||     1
       Tailslap          |       |     1 ||     1
 Cast: Magic Dart        |    78 |    19 ||    97
       Searing Ray       |       |     5 ||     5
Armor: Robe              |    11 |     2 ||    13
Dodge: Dodged            |    22 |    14 ||    36
